 Dungeon Crawl Stone Soup version 0.26.1-2-gb8aa6d0cf2 (webtiles) character file.

Game seed: 3852436644760086522

65 Martska the Chucker (level 4, 17/48 HPs)
             Began as an Ogre Hunter on Mar 13, 2021.
             Quit the game on level 4 of the Dungeon.
             The game lasted 00:03:14 (3263 turns).

Martska the Chucker (Ogre Hunter)                   Turns: 3263, Time: 00:03:15

Health: 17/48      AC:  3    Str: 17    XL:     4   Next: 13%
Magic:  4/4        EV: 10    Int: 12    God:
Gold:   130        SH:  0    Dex:  9    Spells: 3/3 levels left

rFire    x . .     SeeInvis .   a - +0 short sword
rCold    + . .     Faith    .   (no shield)
rNeg     . . .     Spirit   .   b - +0 robe
rPois    .         Reflect  .   (helmet restricted)
rElec    .         Harm     .   (no cloak)
rCorr    .         Rampage  .   (gloves unavailable)
Will     .....                  (boots unavailable)
Stlth    +.........             (no amulet)
HPRegen  0.16/turn              g - ring of ice
MPRegen  0.09/turn              (no ring)

@: no status effects
A: large, unfitting armour, tough skin 1
a: no special abilities


You were on level 4 of the Dungeon.
You visited 1 branch of the dungeon, and saw 4 of its levels.

You collected 130 gold pieces.

Inventory:

Hand Weapons
 a - a +0 short sword (weapon)
Missiles
 d - a throwing net (quivered)
Armour
 b - a +0 robe (worn)
Jewellery
 g - a ring of ice (left hand)
Wands
 i - a wand of acid (7)
Scrolls
 e - a scroll of fog {unknown}
 j - a scroll of remove curse {unknown}
 k - a scroll of amnesia {unknown}
Potions
 h - a potion of lignification


   Skills:
 * Level 3.9 Fighting
 * Level 4.5 Throwing
 * Level 2.6 Dodging
 - Level 0.6 Stealth


You had 3 spell levels left.
You didn't know any spells.
Your spell library was empty.

Dungeon Overview and Level Annotations

Branches:
Dungeon (4/15)
 Temple: D:4-7

Altars:
Hepliaklqana
Trog


Innate Abilities, Weirdness & Mutations

You are too large for most types of armour.
You have tough skin. (AC +1)


Message History

You barely miss the hound. The hound bites you.
The hound completely misses you.
You hit the hound.
The hound is lightly wounded.
The hound bites you.
You hit the hound.
The hound is heavily wounded.
The hound bites you. x2
You closely miss the hound.
The hound is heavily wounded.
The hound barely misses you. The hound bites you.
The giant cockroach waves its antennae.
The hound barely misses you. x2
The hound bites you. The giant cockroach barely misses you.
The hound barely misses you. The hound bites you. The hound closely misses you.
The giant cockroach barely misses you. The hound bites you.
Are you sure you want to abandon this character and quit the game? (Confirm with "yes".)

................
#######...#####..
............>....
.####.#.....###.
#.#.....#
#.#....<#
.####.#.....#
.......hB...#
.......@....+
............#
..###>......... .
#.......##.
#.###+##.. .. .#.
... # ##..


You could see a hound and a giant cockroach.

Vanquished Creatures
  An adder (D:3)
  2 oozes
  A worm (D:3)
  2 dart slugs (D:1)
  4 leopard geckos
  3 goblins (D:1)
  7 hobgoblins
  3 jackals (D:1)
  2 kobolds (D:1)
  A quokka (D:3)
  3 bats
  2 frilled lizards
  4 rats
35 creatures vanquished.

Vanquished Creatures (others)
  6 plants (D:1)
6 creatures vanquished.

Grand Total: 41 creatures vanquished

Notes
Turn   | Place    | Note
-------+----------+-------------------------------------------
     0 | D:1      | Martska the Ogre Hunter began the quest for the Orb.
     0 | D:1      | Reached XP level 1. HP: 22/22 MP: 1/1
   340 | D:1      | Reached XP level 2. HP: 4/31 MP: 2/2
  1051 | D:1      | Reached XP level 3. HP: 37/37 MP: 3/3
  1497 | D:2      | Found a hazy altar of Hepliaklqana.
  2495 | D:3      | Found a bloodstained altar of Trog.
  2516 | D:3      | Reached XP level 4. HP: 13/48 MP: 4/4
  2559 | D:3      | HP: 2/48 [poisoned by an adder]
  3263 | D:4      | Quit the game

Illustrated notes

Levels and vault maps discovered:
D:1:      minmay_arrival_plants_in_alcoves, layout_rooms, serial_forest,
          infiniplex_forest_corner_1, infiniplex_forest_lined_corner,
          infiniplex_forest_clump_small, infiniplex_forest_straight_3,
          infiniplex_forest_clump_diagonal, infiniplex_forest_clump_long,
          infiniplex_forest_diagonal, infiniplex_forest_straight_4,
          minmay_misc_feat_roman
D:2:      layout_basic, lemuel_crystal_altar
D:3:      layout_basic, lemuel_zombie_altar_yredelemnul, bloody_trog,
          lemuel_doored_altar, cheibrodos_sewer_entry_bend,
          kennysheep_generic_room_6
D:4:      layout_basic, evilmike_ruin_ashenzari

Skill      XL: |  1 |
---------------+----+-----
Fighting       | 3 |  3.9
Dodging        | 2 |  2.6
Throwing       | |  4.5
Stealth        | |  0.6

Action                   |  1- 3 |  4- 6 || total
-------------------------+-------+-------++-------
Melee: Short sword       |   108 |    18 ||   126
Throw: Large rock        |    12 |     2 ||    14
       Throwing net      |       |     1 ||     1
  Use: Potion            |     4 |     1 ||     5
       Scroll            |       |     1 ||     1
 Stab: Sleeping          |     1 |       ||     1
Armor: Robe              |    38 |       ||    38
       Skin              |     7 |     2 ||     9
Dodge: Dodged            |    79 |    16 ||    95
